[ AOE2 MATCH · #479804983 ]
UnrankedCelts vs Malians
[ REPLAY ANALYSIS · EXTRACTED FROM THE RECORDED GAME ]
Feudal
14:08
Castle
20:08
Imperial
36:21
| APM avg | 13.6 |
| APM peak | 50 |
| eAPM avg | 8.4 |
| Villagers / military | 133 / 136 |
Focus
⚔️ 19.3% · 🌾 80.7%
Spearman ×39 · Archer ×35 · Woad Raider ×33 · Trade Cart ×18 · Mangonel ×15 · Skirmisher ×5
Feudal
13:05
Castle
22:00
Imperial
35:56
| APM avg | 17.4 |
| APM peak | 39 |
| eAPM avg | 12.7 |
| Villagers / military | 130 / 166 |
Focus
⚔️ 29.7% · 🌾 70.3%
Knight ×92 · Cavalry Archer ×35 · Skirmisher ×26 · Trade Cart ×25 · Trebuchet (Packed) ×8 · Scout Cavalry ×5
Feudal
12:27
Castle
23:16
Imperial
33:41
| APM avg | 35.8 |
| APM peak | 100 |
| eAPM avg | 20.3 |
| Villagers / military | 109 / 177 |
Focus
⚔️ 48.9% · 🌾 51.1%
Spearman ×53 · Teutonic Knight ×46 · Knight ×40 · Bombard Cannon ×16 · Monk ×10 · Scorpion ×10
Feudal
11:40
Castle
19:28
Imperial
41:58
| APM avg | 11.4 |
| APM peak | 31 |
| eAPM avg | 10.9 |
| Villagers / military | 115 / 165 |
Focus
⚔️ 43.1% · 🌾 56.9%
Throwing Axeman ×105 · Skirmisher ×41 · Archer ×12 · Militia ×2 · Battering Ram ×2 · Monk ×1
Feudal
12:10
Castle
23:55
Imperial
35:26
| APM avg | 16.4 |
| APM peak | 63 |
| eAPM avg | 9.8 |
| Villagers / military | 82 / 96 |
Focus
⚔️ 32.1% · 🌾 67.9%
Knight ×93 · Monk ×2 · Trebuchet (Packed) ×1
Feudal
12:32
Castle
22:25
Imperial
30:45
| APM avg | 15.7 |
| APM peak | 54 |
| eAPM avg | 8.3 |
| Villagers / military | 56 / 62 |
Focus
⚔️ 34.8% · 🌾 65.2%
Scout Cavalry ×30 · Genoese Crossbowman ×25 · Monk ×3 · Trade Cart ×3 · Mangonel ×2 · Trebuchet (Packed) ×2
Match map
Initial resources + every placement click. Lines = walls · curves = elevation contours. ◆ gold · ⬟ stone · ● berries · ✦ relic · ◌ wall gap
Your base· ✓ Closed at 20:08 · 0t walls · 2 gate(s)
juanmaotero10's base· ✓ Closed at 22:00 · 0t walls · 2 gate(s)
Twixxo's base· ✓ Closed at 23:16 · 88t walls · 3 gate(s)
止春山's base· ✓ Closed at 19:28 · 0t walls · 2 gate(s)
Raphael's base· ✓ Closed at 23:55 · 0t walls · 3 gate(s)
qwa123107's base· ✓ Closed at 22:25 · 0t walls · 3 gate(s)
Smoothed initial terrain · ◌ = detected wall gap · hover for details
Inputs per minute
— MontyBurns - - juanmaotero10
Build order — MontyBurns
First 150 of 318 actions detected
| 0:10 | Build | House |
| 0:20 | Research | Loom |
| 0:21 | Create | Villager (Male) ×4 |
| 0:58 | Build | House |
| 1:00 | Build | House |
| 1:01 | Build | House |
| 1:02 | Build | House |
| 1:04 | Build | House |
| 2:06 | Create | Villager (Male) |
| 2:35 | Create | Villager (Male) |
| 3:20 | Create | Villager (Male) |
| 3:41 | Create | Villager (Male) |
| 4:21 | Build | Mill |
| 4:36 | Create | Villager (Male) |
| 4:37 | Create | Villager (Male) |
| 5:19 | Create | Villager (Male) |
| 5:19 | Create | Villager (Male) |
| 5:58 | Create | Villager (Male) |
| 6:42 | Create | Villager (Male) |
| 6:43 | Create | Villager (Male) |
| 7:15 | Create | Villager (Male) |
| 7:16 | Create | Villager (Male) |
| 8:11 | Build | Lumber Camp |
| 8:17 | Create | Villager (Male) |
| 8:17 | Create | Villager (Male) |
| 8:18 | Create | Villager (Male) |
| 9:03 | Create | Villager (Male) |
| 9:03 | Create | Villager (Male) |
| 9:07 | Create | Villager (Male) |
| 10:17 | Build | Mining Camp |
| 11:06 | Create | Villager (Male) |
| 11:58 | Research | Feudal Age |
| 12:52 | Create | Villager (Male) |
| 12:53 | Create | Villager (Male) |
| 14:02 | Build | Farm |
| 14:02 | Build | Farm |
| 14:02 | Build | Farm |
| 14:03 | Build | Farm |
| 14:03 | Build | Farm |
| 14:08 | Age | Feudal Age |
| 14:26 | Build | Market |
| 15:07 | Build | Blacksmith |
| 15:32 | Build | Farm |
| 15:36 | Create | Villager (Male) |
| 15:36 | Create | Villager (Male) |
| 15:53 | Build | House |
| 15:54 | Build | House |
| 15:55 | Build | House |
| 15:56 | Build | House |
| 15:59 | Build | House |
| 16:18 | Build | Farm |
| 16:20 | Build | Farm |
| 16:38 | Create | Villager (Male) |
| 16:38 | Create | Villager (Male) |
| 17:17 | Build | Farm |
| 17:17 | Build | Farm |
| 17:18 | Build | Farm |
| 17:18 | Build | Farm |
| 17:18 | Build | Farm |
| 17:26 | Research | Castle Age |
| 17:50 | Build | House |
| 17:51 | Build | House |
| 17:53 | Build | House |
| 17:55 | Build | House |
| 17:56 | Build | House |
| 17:59 | Build | House |
| 18:05 | Create | Trade Cart ×5 |
| 19:21 | Research | Double-Bit Axe |
| 19:24 | Research | Horse Collar |
| 19:56 | Create | Villager (Male) ×5 |
| 20:08 | Age | Castle Age |
| 20:11 | Build | Town Center |
| 20:26 | Build | House |
| 20:27 | Build | House |
| 20:28 | Build | House |
| 20:30 | Build | House |
| 21:22 | Create | Villager (Male) |
| 21:22 | Create | Villager (Male) |
| 21:33 | Build | Farm |
| 21:34 | Build | Farm |
| 21:34 | Build | Farm |
| 21:34 | Build | Farm |
| 21:35 | Build | Farm |
| 21:35 | Build | Farm |
| 21:42 | Create | Villager (Male) ×5 |
| 22:09 | Build | Town Center |
| 22:16 | Create | Villager (Male) |
| 22:20 | Create | Villager (Male) |
| 22:27 | Research | Caravan |
| 22:44 | Research | Bow Saw |
| 22:58 | Create | Villager (Male) |
| 23:02 | Create | Villager (Male) |
| 23:33 | Create | Villager (Male) |
| 23:34 | Create | Villager (Male) |
| 23:48 | Build | Farm |
| 23:49 | Build | Farm |
| 23:49 | Build | Farm |
| 23:49 | Build | Farm |
| 23:50 | Build | Farm |
| 23:50 | Build | Farm |
| 23:55 | Create | Villager (Male) |
| 23:55 | Create | Villager (Male) |
| 23:57 | Create | Villager (Male) |
| 24:07 | Create | Villager (Male) |
| 24:22 | Build | Farm |
| 24:51 | Create | Villager (Male) |
| 24:52 | Create | Villager (Male) |
| 24:56 | Create | Villager (Male) |
| 24:58 | Create | Villager (Male) |
| 24:59 | Create | Villager (Male) |
| 25:03 | Create | Villager (Male) |
| 25:19 | Build | Farm |
| 25:20 | Build | Farm |
| 25:20 | Build | Farm |
| 25:20 | Build | Farm |
| 25:21 | Build | Farm |
| 25:21 | Build | Farm |
| 25:21 | Build | Farm |
| 25:25 | Create | Villager (Male) |
| 25:25 | Create | Villager (Male) |
| 25:29 | Create | Villager (Male) |
| 26:15 | Build | Town Center |
| 26:27 | Create | Villager (Male) |
| 26:28 | Create | Villager (Male) |
| 26:30 | Create | Villager (Male) |
| 26:31 | Create | Villager (Male) |
| 26:32 | Create | Villager (Male) |
| 26:34 | Create | Villager (Male) |
| 26:35 | Create | Villager (Male) |
| 26:37 | Create | Villager (Male) |
| 26:49 | Build | Farm |
| 26:49 | Build | Farm |
| 26:49 | Build | Farm |
| 26:50 | Build | Farm |
| 26:50 | Build | Farm |
| 26:50 | Build | Farm |
| 26:56 | Create | Villager (Male) |
| 26:56 | Create | Villager (Male) |
| 26:58 | Create | Villager (Male) |
| 27:01 | Create | Villager (Male) |
| 27:02 | Create | Villager (Male) |
| 27:03 | Create | Villager (Male) |
| 27:15 | Build | Mining Camp |
| 27:21 | Create | Trade Cart |
| 27:22 | Create | Trade Cart |
| 27:33 | Build | Monastery |
| 27:38 | Build | University |
| 27:43 | Create | Villager (Male) |
| 27:45 | Create | Villager (Male) |
| 27:48 | Create | Villager (Male) |
Build order — juanmaotero10
First 150 of 405 actions detected
| 0:05 | Create | Villager (Male) |
| 0:11 | Build | House |
| 0:12 | Build | House |
| 0:13 | Build | House |
| 0:16 | Build | House |
| 0:20 | Research | Loom |
| 0:21 | Create | Villager (Male) |
| 0:22 | Create | Villager (Male) |
| 0:22 | Create | Villager (Male) |
| 0:22 | Create | Villager (Male) |
| 0:23 | Create | Villager (Male) |
| 1:33 | Create | Villager (Male) |
| 1:34 | Create | Villager (Male) |
| 2:15 | Build | Mill |
| 2:20 | Create | Villager (Male) |
| 2:20 | Create | Villager (Male) |
| 2:20 | Create | Villager (Male) |
| 2:45 | Create | Villager (Male) |
| 2:45 | Create | Villager (Male) |
| 2:46 | Create | Villager (Male) |
| 3:16 | Create | Villager (Male) |
| 3:42 | Create | Villager (Male) |
| 3:42 | Create | Villager (Male) |
| 3:59 | Create | Villager (Male) |
| 4:00 | Create | Villager (Male) |
| 4:37 | Create | Villager (Male) |
| 4:38 | Create | Villager (Male) |
| 4:38 | Create | Villager (Male) |
| 4:50 | Create | Villager (Male) |
| 5:40 | Create | Villager (Male) |
| 5:41 | Create | Villager (Male) |
| 5:41 | Create | Villager (Male) |
| 5:41 | Create | Villager (Male) |
| 5:41 | Create | Villager (Male) |
| 6:05 | Create | Villager (Male) |
| 6:05 | Create | Villager (Male) |
| 6:05 | Create | Villager (Male) |
| 6:05 | Create | Villager (Male) |
| 6:06 | Create | Villager (Male) |
| 6:26 | Create | Villager (Male) |
| 6:26 | Create | Villager (Male) |
| 6:58 | Build | Lumber Camp |
| 7:02 | Create | Villager (Male) |
| 7:02 | Create | Villager (Male) |
| 7:43 | Build | House |
| 7:44 | Build | House |
| 7:45 | Build | House |
| 7:46 | Build | House |
| 7:47 | Build | House |
| 7:52 | Create | Villager (Male) |
| 7:53 | Create | Villager (Male) |
| 7:53 | Create | Villager (Male) |
| 8:20 | Create | Villager (Male) |
| 8:20 | Create | Villager (Male) |
| 8:20 | Create | Villager (Male) |
| 8:21 | Create | Villager (Male) |
| 8:24 | Build | House |
| 8:25 | Build | House |
| 10:31 | Research | Feudal Age |
| 11:18 | Build | Mining Camp |
| 11:36 | Create | Villager (Male) |
| 11:36 | Create | Villager (Male) |
| 11:36 | Create | Villager (Male) |
| 11:36 | Create | Villager (Male) |
| 11:37 | Create | Villager (Male) |
| 11:56 | Build | Lumber Camp |
| 13:05 | Age | Feudal Age |
| 13:06 | Research | Double-Bit Axe |
| 13:07 | Research | Horse Collar |
| 13:51 | Research | Wheelbarrow |
| 13:54 | Build | Farm |
| 13:56 | Build | Farm |
| 13:58 | Build | Farm |
| 14:00 | Build | Farm |
| 14:27 | Build | Farm |
| 14:30 | Build | Farm |
| 14:34 | Build | Farm |
| 14:37 | Create | Villager (Male) |
| 14:38 | Create | Villager (Male) |
| 14:55 | Research | Gold Mining |
| 15:13 | Build | Farm |
| 15:15 | Build | Farm |
| 15:17 | Build | Farm |
| 15:18 | Build | Farm |
| 15:22 | Create | Villager (Male) |
| 15:33 | Build | Market |
| 15:42 | Build | Blacksmith |
| 15:50 | Build | Market |
| 16:38 | Build | House |
| 16:39 | Build | House |
| 16:39 | Build | House |
| 16:44 | Create | Villager (Male) |
| 17:00 | Build | Market |
| 17:11 | Build | Farm |
| 17:15 | Create | Villager (Male) |
| 17:15 | Create | Villager (Male) |
| 17:16 | Create | Villager (Male) |
| 17:21 | Build | Farm |
| 17:59 | Build | Farm |
| 18:08 | Build | Mining Camp |
| 18:23 | Build | Barracks |
| 18:27 | Build | Farm |
| 18:33 | Build | Farm |
| 18:59 | Build | Farm |
| 19:10 | Research | Castle Age |
| 19:23 | Build | Farm |
| 19:25 | Create | Villager (Male) |
| 19:26 | Create | Villager (Male) |
| 19:26 | Create | Villager (Male) |
| 19:33 | Create | Trade Cart |
| 19:33 | Create | Trade Cart |
| 20:14 | Build | Archery Range |
| 20:16 | Build | Archery Range |
| 20:24 | Create | Trade Cart |
| 20:24 | Create | Trade Cart |
| 20:44 | Create | Villager (Male) |
| 20:45 | Create | Villager (Male) |
| 20:45 | Create | Villager (Male) |
| 20:56 | Research | Stone Mining |
| 21:20 | Create | Trade Cart |
| 21:37 | Create | Trade Cart |
| 22:00 | Age | Castle Age |
| 22:03 | Build | Town Center |
| 22:09 | Build | Town Center |
| 22:11 | Research | Bow Saw |
| 22:14 | Research | Heavy Plow |
| 22:17 | Research | Gold Shaft Mining |
| 22:18 | Research | Stone Shaft Mining |
| 22:26 | Research | Hand Cart |
| 22:28 | Create | Villager (Male) |
| 22:29 | Create | Villager (Male) |
| 22:29 | Create | Villager (Male) |
| 22:29 | Create | Villager (Male) |
| 22:42 | Build | Mining Camp |
| 23:00 | Create | Villager (Male) |
| 23:01 | Create | Villager (Male) |
| 23:01 | Create | Villager (Male) |
| 23:01 | Create | Villager (Male) |
| 23:07 | Create | Villager (Male) |
| 23:07 | Create | Villager (Male) |
| 23:07 | Create | Villager (Male) |
| 23:12 | Build | Farm |
| 23:13 | Build | Farm |
| 23:22 | Create | Villager (Male) |
| 23:23 | Create | Villager (Male) |
| 23:23 | Create | Villager (Male) |
| 23:32 | Build | Farm |
| 23:33 | Build | Farm |
| 23:40 | Build | Farm |
| 23:52 | Build | Farm |
Build order — Twixxo
First 150 of 393 actions detected
| 0:02 | Create | Villager (Male) |
| 0:10 | Build | House |
| 0:21 | Create | Villager (Male) |
| 0:36 | Build | House |
| 0:43 | Create | Villager (Male) |
| 0:44 | Create | Villager (Male) |
| 1:34 | Create | Villager (Male) |
| 2:08 | Create | Villager (Male) |
| 2:26 | Create | Villager (Male) |
| 2:30 | Build | House |
| 2:32 | Build | House |
| 2:40 | Create | Villager (Male) |
| 3:09 | Create | Villager (Male) |
| 3:38 | Create | Villager (Male) |
| 3:49 | Create | Villager (Male) |
| 4:27 | Create | Villager (Male) |
| 4:29 | Create | Villager (Male) |
| 4:39 | Create | Villager (Male) |
| 5:08 | Create | Villager (Male) |
| 5:22 | Build | Mill |
| 5:47 | Create | Villager (Male) |
| 6:36 | Research | Loom |
| 6:44 | Build | Lumber Camp |
| 7:05 | Create | Villager (Male) |
| 7:46 | Build | Mining Camp |
| 8:27 | Create | Villager (Male) |
| 8:49 | Create | Villager (Male) |
| 8:52 | Create | Villager (Male) |
| 9:18 | Build | House |
| 9:21 | Create | Villager (Male) |
| 9:24 | Build | Farm |
| 10:17 | Research | Feudal Age |
| 10:55 | Build | Mill |
| 11:25 | Build | House |
| 11:34 | Build | House |
| 12:19 | Build | Mining Camp |
| 12:23 | Create | Villager (Male) |
| 12:27 | Age | Feudal Age |
| 12:27 | Create | Villager (Male) |
| 12:39 | Build | Stone Wall |
| 12:44 | Build | Stone Wall |
| 12:47 | Build | Stone Wall |
| 12:48 | Research | Gold Mining |
| 12:50 | Research | Horse Collar |
| 12:50 | Create | Villager (Male) |
| 12:55 | Research | Double-Bit Axe |
| 13:19 | Research | Wheelbarrow |
| 13:43 | Build | Stone Wall |
| 13:45 | Build | Gate |
| 13:57 | Build | Barracks |
| 14:02 | Create | Villager (Male) |
| 14:12 | Build | Market |
| 14:27 | Build | Stone Wall |
| 14:32 | Build | Stone Wall |
| 14:43 | Create | Villager (Male) |
| 14:47 | Build | Farm |
| 14:53 | Create | Villager (Male) |
| 15:11 | Create | Spearman |
| 15:20 | Create | Villager (Male) |
| 15:29 | Build | Farm |
| 15:33 | Build | Farm |
| 15:37 | Build | Farm |
| 15:41 | Create | Spearman |
| 16:14 | Create | Trade Cart |
| 16:27 | Build | Stone Wall |
| 16:38 | Create | Spearman |
| 16:40 | Create | Villager (Male) |
| 17:09 | Build | Blacksmith |
| 17:23 | Build | Farm |
| 17:25 | Create | Villager (Male) |
| 17:28 | Create | Spearman |
| 17:37 | Create | Spearman |
| 17:46 | Build | House |
| 17:48 | Build | House |
| 17:52 | Build | Farm |
| 17:56 | Create | Villager (Male) |
| 18:06 | Build | Stone Wall |
| 18:09 | Build | Gate |
| 18:30 | Build | Farm |
| 18:32 | Create | Villager (Male) |
| 18:48 | Build | Stable |
| 18:55 | Create | Trade Cart |
| 18:58 | Build | Farm |
| 19:12 | Create | Villager (Male) |
| 19:39 | Create | Villager (Male) |
| 19:44 | Build | House |
| 19:52 | Create | Scout Cavalry |
| 20:13 | Build | Farm |
| 20:36 | Research | Castle Age |
| 20:44 | Build | House |
| 20:45 | Build | House |
| 20:46 | Build | House |
| 20:47 | Build | House |
| 21:00 | Build | Stone Wall |
| 21:11 | Research | Stone Mining |
| 21:12 | Create | Villager (Male) |
| 21:32 | Create | Trade Cart |
| 21:41 | Research | Bloodlines |
| 21:45 | Create | Spearman |
| 22:12 | Build | Farm |
| 22:16 | Build | Farm |
| 22:44 | Create | Spearman |
| 22:50 | Build | Archery Range |
| 22:56 | Research | Forging |
| 23:02 | Create | Trade Cart |
| 23:16 | Age | Castle Age |
| 23:24 | Build | Siege Workshop |
| 23:53 | Build | Town Center |
| 23:58 | Build | Farm |
| 23:59 | Create | Villager (Male) |
| 24:12 | Create | Mangonel |
| 24:23 | Create | Spearman |
| 24:26 | Create | Knight ×3 |
| 24:53 | Build | Castle |
| 25:19 | Build | Stone Wall |
| 25:24 | Build | Gate |
| 25:27 | Create | Villager (Male) |
| 25:29 | Research | Bow Saw |
| 25:35 | Build | Stone Wall |
| 25:41 | Create | Villager (Male) |
| 25:42 | Create | Villager (Male) |
| 26:03 | Create | Villager (Male) |
| 26:05 | Create | Villager (Male) |
| 26:13 | Build | House |
| 26:14 | Build | House |
| 26:17 | Build | House |
| 26:18 | Build | House |
| 26:27 | Research | Heavy Plow |
| 26:27 | Research | Heavy Plow |
| 26:42 | Research | Hand Cart |
| 27:07 | Create | Villager (Male) |
| 27:14 | Build | Mining Camp |
| 27:15 | Create | Teutonic Knight |
| 27:15 | Create | Teutonic Knight |
| 27:28 | Create | Villager (Male) |
| 27:28 | Create | Villager (Male) |
| 27:30 | Build | Mining Camp |
| 28:02 | Build | House |
| 28:03 | Build | House |
| 28:05 | Create | Villager (Male) |
| 28:07 | Create | Trade Cart |
| 28:08 | Create | Villager (Male) |
| 28:12 | Build | Farm |
| 28:16 | Build | Farm |
| 28:24 | Build | Stone Wall |
| 28:29 | Build | Stone Wall |
| 28:32 | Create | Villager (Male) |
| 28:37 | Create | Villager (Male) |
| 28:37 | Create | Villager (Male) |
| 29:01 | Build | Mining Camp |
Build order — 止春山
First 150 of 422 actions detected
| 0:13 | Build | House |
| 0:14 | Build | House |
| 0:15 | Build | House |
| 0:16 | Build | House |
| 0:18 | Create | Villager (Male) |
| 0:18 | Create | Villager (Male) |
| 0:19 | Create | Villager (Male) |
| 0:21 | Research | Loom |
| 0:22 | Create | Villager (Male) |
| 0:22 | Create | Villager (Male) |
| 2:01 | Create | Villager (Male) |
| 2:09 | Build | Mill |
| 2:44 | Create | Villager (Male) |
| 3:07 | Create | Villager (Male) |
| 3:41 | Create | Villager (Male) |
| 4:07 | Create | Villager (Male) |
| 4:08 | Create | Villager (Male) |
| 4:11 | Create | Villager (Male) |
| 4:52 | Build | Lumber Camp |
| 5:03 | Create | Villager (Male) |
| 5:03 | Create | Villager (Male) |
| 5:32 | Create | Villager (Male) |
| 6:31 | Create | Villager (Male) |
| 6:47 | Build | Farm |
| 6:50 | Create | Villager (Male) |
| 7:17 | Create | Villager (Male) |
| 7:50 | Create | Villager (Male) |
| 7:51 | Create | Villager (Male) |
| 7:53 | Create | Villager (Male) |
| 7:55 | Build | House |
| 7:56 | Build | House |
| 8:06 | Build | Mining Camp |
| 8:35 | Create | Villager (Male) |
| 9:23 | Build | Mill |
| 9:31 | Research | Feudal Age |
| 11:17 | Build | Farm |
| 11:23 | Build | Farm |
| 11:40 | Create | Villager (Male) |
| 11:40 | Age | Feudal Age |
| 11:46 | Research | Double-Bit Axe |
| 12:09 | Build | Farm |
| 12:13 | Create | Villager (Male) |
| 12:24 | Research | Gold Mining |
| 12:31 | Research | Wheelbarrow |
| 12:39 | Build | Farm |
| 12:44 | Build | Farm |
| 12:50 | Build | Farm |
| 13:13 | Build | Farm |
| 13:16 | Build | Farm |
| 13:40 | Create | Villager (Male) |
| 14:04 | Create | Villager (Male) |
| 14:14 | Build | Market |
| 14:21 | Create | Villager (Male) |
| 15:10 | Create | Villager (Male) |
| 15:33 | Build | Blacksmith |
| 15:37 | Create | Villager (Male) |
| 15:55 | Build | House |
| 15:56 | Build | House |
| 15:57 | Build | House |
| 15:58 | Build | House |
| 15:59 | Build | House |
| 16:00 | Build | House |
| 16:21 | Build | Farm |
| 16:23 | Create | Villager (Male) |
| 16:37 | Research | Castle Age |
| 16:56 | Build | Barracks |
| 17:05 | Build | Outpost |
| 17:51 | Build | Mill |
| 17:55 | Create | Militia |
| 17:56 | Research | Arson |
| 18:06 | Build | Archery Range |
| 18:34 | Create | Villager (Male) |
| 18:45 | Build | Mining Camp |
| 18:50 | Create | Villager (Male) |
| 18:50 | Create | Villager (Male) |
| 19:05 | Create | Archer |
| 19:08 | Create | Militia |
| 19:14 | Build | Watch Tower |
| 19:28 | Age | Castle Age |
| 20:09 | Build | Town Center |
| 20:13 | Create | Villager (Male) |
| 20:16 | Research | Bow Saw |
| 20:27 | Research | Stone Mining |
| 21:15 | Build | Siege Workshop |
| 21:29 | Create | Villager (Male) |
| 21:31 | Create | Villager (Male) |
| 21:32 | Create | Villager (Male) |
| 21:33 | Create | Villager (Male) |
| 21:37 | Create | Villager (Male) |
| 21:37 | Create | Villager (Male) |
| 21:38 | Create | Villager (Male) |
| 21:51 | Create | Scorpion |
| 21:55 | Create | Archer |
| 22:10 | Build | Monastery |
| 22:28 | Build | Farm |
| 22:31 | Create | Villager (Male) |
| 22:33 | Create | Villager (Male) |
| 22:34 | Create | Villager (Male) |
| 22:35 | Create | Villager (Male) |
| 23:00 | Build | Archery Range |
| 23:08 | Create | Villager (Male) |
| 23:09 | Create | Villager (Male) |
| 23:10 | Create | Villager (Male) |
| 23:11 | Create | Villager (Male) |
| 23:21 | Build | House |
| 23:23 | Build | House |
| 23:24 | Build | House |
| 23:25 | Build | House |
| 23:28 | Build | House |
| 23:29 | Build | House |
| 23:30 | Build | House |
| 23:32 | Build | House |
| 23:40 | Build | House |
| 23:42 | Build | House |
| 23:43 | Build | House |
| 23:44 | Build | House |
| 23:46 | Build | House |
| 23:47 | Build | House |
| 23:48 | Build | House |
| 24:02 | Create | Archer |
| 24:03 | Create | Archer |
| 24:13 | Create | Villager (Male) |
| 24:14 | Create | Villager (Male) |
| 24:16 | Create | Villager (Male) |
| 24:17 | Create | Villager (Male) |
| 24:44 | Research | Gold Shaft Mining |
| 24:58 | Build | Town Center |
| 26:01 | Research | Crossbowman (upgrade) |
| 26:12 | Create | Battering Ram |
| 26:16 | Build | Town Center |
| 26:30 | Create | Trade Cart |
| 26:35 | Create | Villager (Male) |
| 26:36 | Create | Villager (Male) |
| 26:37 | Create | Villager (Male) |
| 26:39 | Create | Villager (Male) |
| 26:39 | Create | Villager (Male) |
| 26:43 | Create | Villager (Male) |
| 26:44 | Create | Villager (Male) |
| 26:44 | Create | Villager (Male) |
| 26:55 | Build | Lumber Camp |
| 26:59 | Build | Lumber Camp |
| 27:05 | Create | Villager (Male) |
| 27:14 | Build | Farm |
| 27:21 | Research | Hand Cart |
| 27:39 | Create | Villager (Male) |
| 27:40 | Create | Villager (Male) |
| 27:41 | Create | Villager (Male) |
| 27:44 | Build | Farm |
| 27:52 | Create | Archer |
| 27:52 | Create | Archer |
Build order — Raphael
First 150 of 284 actions detected
| 0:26 | Build | House |
| 0:37 | Create | Villager (Male) |
| 0:37 | Create | Villager (Male) |
| 0:37 | Create | Villager (Male) |
| 0:37 | Create | Villager (Male) |
| 0:37 | Create | Villager (Male) |
| 1:00 | Build | House |
| 1:56 | Build | House |
| 3:08 | Create | Villager (Male) |
| 3:09 | Create | Villager (Male) |
| 3:54 | Create | Villager (Male) |
| 4:15 | Create | Villager (Male) |
| 4:15 | Create | Villager (Male) |
| 4:15 | Create | Villager (Male) |
| 5:29 | Create | Villager (Male) |
| 5:29 | Create | Villager (Male) |
| 5:30 | Create | Villager (Male) |
| 6:25 | Create | Villager (Male) |
| 7:12 | Build | Mill |
| 8:00 | Create | Villager (Male) |
| 8:13 | Build | Lumber Camp |
| 8:55 | Build | Mill |
| 8:59 | Create | Villager (Male) |
| 9:11 | Build | House |
| 9:16 | Build | House |
| 10:00 | Research | Feudal Age |
| 11:55 | Build | Mining Camp |
| 12:10 | Age | Feudal Age |
| 12:16 | Research | Double-Bit Axe |
| 12:20 | Create | Villager (Male) |
| 12:21 | Create | Villager (Male) |
| 12:51 | Create | Villager (Male) |
| 12:51 | Create | Villager (Male) |
| 12:52 | Create | Villager (Male) |
| 12:52 | Create | Villager (Male) |
| 13:05 | Build | Barracks |
| 14:07 | Build | Market |
| 14:14 | Research | Stone Mining |
| 14:58 | Create | Villager (Male) |
| 14:59 | Create | Villager (Male) |
| 15:23 | Build | Blacksmith |
| 15:55 | Research | Horse Collar |
| 16:07 | Build | House |
| 16:30 | Build | Farm |
| 16:30 | Build | Farm |
| 16:31 | Build | Farm |
| 16:32 | Build | Farm |
| 16:32 | Build | Farm |
| 16:33 | Build | Farm |
| 16:57 | Create | Villager (Male) |
| 16:58 | Create | Villager (Male) |
| 17:13 | Build | Farm |
| 17:20 | Build | Farm |
| 17:28 | Build | Farm |
| 17:39 | Build | Farm |
| 17:52 | Build | Farm |
| 18:09 | Build | Farm |
| 18:25 | Build | Farm |
| 18:56 | Create | Villager (Male) |
| 19:05 | Build | Farm |
| 19:28 | Build | Farm |
| 19:32 | Create | Villager (Male) |
| 20:02 | Build | Farm |
| 20:08 | Create | Villager (Male) |
| 20:17 | Build | Farm |
| 20:40 | Build | Farm |
| 20:50 | Create | Villager (Male) |
| 21:04 | Build | House |
| 21:08 | Build | House |
| 21:14 | Research | Castle Age |
| 21:54 | Research | Forging |
| 22:08 | Research | Scale Barding Armor |
| 22:21 | Build | Stable |
| 22:42 | Research | Gold Mining |
| 23:29 | Build | Stable |
| 23:55 | Age | Castle Age |
| 24:04 | Research | Heavy Plow |
| 24:15 | Build | Castle |
| 24:24 | Create | Villager (Male) |
| 24:24 | Create | Villager (Male) |
| 24:25 | Create | Villager (Male) |
| 24:49 | Build | Town Center |
| 25:09 | Research | Iron Casting |
| 25:10 | Research | Chain Barding Armor |
| 25:49 | Create | Villager (Male) |
| 25:50 | Create | Villager (Male) |
| 26:41 | Research | Fletching |
| 26:49 | Research | Wheelbarrow |
| 26:55 | Create | Villager (Male) |
| 26:56 | Create | Villager (Male) |
| 27:04 | Build | Farm |
| 27:41 | Create | Villager (Male) |
| 27:51 | Create | Villager (Male) |
| 27:51 | Create | Villager (Male) |
| 28:08 | Build | University |
| 28:16 | Build | Monastery |
| 28:27 | Create | Knight |
| 28:28 | Create | Knight |
| 28:29 | Create | Knight |
| 28:29 | Create | Knight |
| 29:01 | Create | Villager (Male) |
| 29:04 | Create | Villager (Male) |
| 29:18 | Create | Monk |
| 29:38 | Research | Fortified Wall (upgrade) |
| 29:56 | Research | Hand Cart |
| 30:00 | Create | Villager (Male) |
| 30:15 | Build | Farm |
| 30:28 | Create | Villager (Male) |
| 30:52 | Create | Monk |
| 31:10 | Build | House |
| 31:14 | Build | House |
| 31:17 | Build | House |
| 32:00 | Build | Farm |
| 32:16 | Research | Imperial Age |
| 33:12 | Build | Stable |
| 33:23 | Build | House |
| 33:41 | Create | Villager (Male) |
| 34:39 | Build | House |
| 34:42 | Build | House |
| 35:03 | Build | Mining Camp |
| 35:07 | Create | Villager (Male) |
| 35:07 | Create | Villager (Male) |
| 35:08 | Create | Villager (Male) |
| 35:26 | Age | Imperial Age |
| 35:31 | Research | Cavalier (upgrade) |
| 35:34 | Research | Conscription |
| 35:41 | Create | Knight |
| 35:41 | Create | Knight |
| 35:42 | Create | Knight |
| 35:42 | Create | Knight |
| 35:44 | Create | Knight |
| 35:44 | Create | Knight |
| 35:59 | Create | Villager (Male) |
| 35:59 | Create | Villager (Male) |
| 36:06 | Create | Villager (Male) |
| 36:06 | Create | Villager (Male) |
| 36:39 | Build | Castle |
| 36:50 | Research | Plate Barding Armor |
| 36:59 | Create | Knight |
| 36:59 | Create | Knight |
| 36:59 | Create | Knight |
| 36:59 | Create | Knight |
| 37:00 | Create | Knight |
| 37:00 | Create | Knight |
| 37:17 | Research | Hoardings |
| 37:41 | Build | House |
| 37:44 | Build | House |
| 37:47 | Build | House |
| 37:50 | Build | House |
| 37:53 | Build | House |
Build order — qwa123107
First 150 of 212 actions detected
| 0:05 | Build | House |
| 0:10 | Build | House |
| 0:13 | Create | Villager (Male) |
| 0:14 | Create | Villager (Male) |
| 0:14 | Create | Villager (Male) |
| 0:14 | Create | Villager (Male) |
| 0:14 | Create | Villager (Male) |
| 0:14 | Create | Villager (Male) |
| 0:29 | Research | Loom |
| 0:37 | Build | House |
| 1:18 | Build | House |
| 1:47 | Create | Villager (Male) |
| 2:28 | Create | Villager (Male) |
| 2:29 | Create | Villager (Male) |
| 2:53 | Create | Villager (Male) |
| 2:53 | Create | Villager (Male) |
| 3:13 | Create | Villager (Male) |
| 3:14 | Create | Villager (Male) |
| 3:30 | Create | Villager (Male) |
| 3:31 | Create | Villager (Male) |
| 3:51 | Create | Villager (Male) |
| 3:52 | Create | Villager (Male) |
| 3:52 | Create | Villager (Male) |
| 4:19 | Create | Villager (Male) |
| 4:19 | Create | Villager (Male) |
| 5:17 | Create | Villager (Male) |
| 5:17 | Create | Villager (Male) |
| 5:17 | Create | Villager (Male) |
| 5:17 | Create | Villager (Male) |
| 6:04 | Create | Villager (Male) |
| 6:04 | Create | Villager (Male) |
| 7:23 | Create | Villager (Male) |
| 7:23 | Create | Villager (Male) |
| 7:23 | Create | Villager (Male) |
| 7:25 | Create | Villager (Male) |
| 7:26 | Create | Villager (Male) |
| 7:26 | Create | Villager (Male) |
| 7:26 | Create | Villager (Male) |
| 7:37 | Build | Mill |
| 8:18 | Build | Mining Camp |
| 8:51 | Build | Lumber Camp |
| 9:22 | Build | Barracks |
| 9:34 | Build | Mining Camp |
| 10:22 | Research | Feudal Age |
| 10:22 | Research | Feudal Age |
| 10:47 | Build | House |
| 10:50 | Build | House |
| 12:14 | Create | Villager (Male) |
| 12:23 | Create | Villager (Male) |
| 12:32 | Age | Feudal Age |
| 12:44 | Build | Market |
| 13:05 | Build | Blacksmith |
| 13:12 | Research | Double-Bit Axe |
| 13:18 | Research | Horse Collar |
| 13:21 | Create | Villager (Male) |
| 14:49 | Research | Wheelbarrow |
| 15:01 | Build | Lumber Camp |
| 15:36 | Build | Mill |
| 15:48 | Create | Villager (Male) |
| 16:14 | Create | Trade Cart |
| 16:46 | Create | Villager (Male) |
| 16:46 | Create | Villager (Male) |
| 18:13 | Build | Farm |
| 18:17 | Build | Farm |
| 18:45 | Create | Trade Cart |
| 18:46 | Create | Trade Cart |
| 18:54 | Create | Villager (Male) |
| 19:14 | Build | House |
| 19:17 | Build | House |
| 19:31 | Build | Farm |
| 19:45 | Research | Castle Age |
| 20:07 | Build | Farm |
| 20:29 | Research | Fletching |
| 20:41 | Build | Farm |
| 21:02 | Research | Padded Archer Armor |
| 21:42 | Build | Farm |
| 21:46 | Build | Farm |
| 21:51 | Build | Farm |
| 22:02 | Build | Farm |
| 22:06 | Build | Farm |
| 22:11 | Build | Farm |
| 22:19 | Build | Farm |
| 22:25 | Age | Castle Age |
| 22:34 | Build | Farm |
| 22:39 | Research | Heavy Plow |
| 22:45 | Research | Bow Saw |
| 22:53 | Build | Archery Range |
| 23:16 | Build | Castle |
| 23:36 | Build | Castle |
| 24:17 | Build | Castle |
| 24:25 | Research | Bodkin Arrow |
| 24:43 | Research | Thumb Ring |
| 24:54 | Build | University |
| 25:04 | Create | Villager (Male) |
| 25:04 | Create | Villager (Male) |
| 25:10 | Research | Gold Mining |
| 25:58 | Create | Genoese Crossbowman |
| 25:59 | Create | Genoese Crossbowman |
| 25:59 | Create | Genoese Crossbowman |
| 25:59 | Create | Genoese Crossbowman |
| 25:59 | Create | Genoese Crossbowman |
| 26:00 | Create | Genoese Crossbowman |
| 26:00 | Create | Genoese Crossbowman |
| 27:21 | Build | Siege Workshop |
| 27:35 | Research | Imperial Age |
| 27:57 | Research | Ballistics |
| 28:22 | Research | Leather Archer Armor |
| 29:06 | Create | Genoese Crossbowman |
| 29:07 | Create | Genoese Crossbowman |
| 30:45 | Age | Imperial Age |
| 30:50 | Create | Trebuchet (Packed) |
| 30:52 | Create | Genoese Crossbowman |
| 30:52 | Create | Genoese Crossbowman |
| 30:53 | Create | Genoese Crossbowman |
| 30:53 | Create | Genoese Crossbowman |
| 31:04 | Build | Monastery |
| 31:21 | Research | Bracer |
| 31:30 | Create | Genoese Crossbowman |
| 32:02 | Build | Stable |
| 32:16 | Research | Hand Cart |
| 32:44 | Create | Villager (Male) |
| 32:44 | Create | Villager (Male) |
| 32:51 | Create | Monk |
| 33:17 | Research | Ring Archer Armor |
| 33:43 | Research | Two-Man Saw |
| 34:53 | Create | Mangonel |
| 34:59 | Research | Bloodlines |
| 35:11 | Research | Forging |
| 35:15 | Create | Villager (Male) |
| 35:15 | Create | Villager (Male) |
| 35:15 | Create | Villager (Male) |
| 35:18 | Create | Villager (Male) |
| 36:00 | Research | Light Cavalry (upgrade) |
| 36:06 | Create | Mangonel |
| 36:12 | Build | Mining Camp |
| 36:41 | Build | Stable |
| 38:19 | Create | Trebuchet (Packed) |
| 38:22 | Research | Hussar (upgrade) |
| 38:30 | Create | Scout Cavalry |
| 38:30 | Create | Scout Cavalry |
| 38:31 | Create | Scout Cavalry |
| 38:31 | Create | Scout Cavalry |
| 38:31 | Create | Scout Cavalry |
| 38:31 | Create | Scout Cavalry |
| 38:32 | Create | Scout Cavalry |
| 38:34 | Research | Scale Barding Armor |
| 38:46 | Create | Monk |
| 38:46 | Create | Monk |
| 39:32 | Research | Chain Barding Armor |
| 39:39 | Create | Scout Cavalry |
Match timeline
| 9:22 | qwa123107 · first_building Barracks |
| 11:40 | 止春山 · age_up feudal |
| 12:10 | Raphael · age_up feudal |
| 12:27 | Twixxo · age_up feudal |
| 12:32 | qwa123107 · age_up feudal |
| 12:39 | Twixxo · wall_segment Stone Wall x16 |
| 12:44 | Twixxo · wall_segment Stone Wall x4 |
| 12:47 | Twixxo · wall_segment Stone Wall x3 |
| 13:05 | juanmaotero10 · age_up feudal |
| 13:05 | Raphael · first_building Barracks |
| 13:43 | Twixxo · wall_segment Stone Wall x6 |
| 13:57 | Twixxo · first_building Barracks |
| 14:08 | MontyBurns · age_up feudal |
| 14:27 | Twixxo · wall_segment Stone Wall x1 |
| 14:32 | Twixxo · wall_segment Stone Wall x10 |
| 16:27 | Twixxo · wall_segment Stone Wall x14 |
| 16:29 | 止春山 · first_market_buy 100 food |
| 16:34 | 止春山 · first_market_sell 100 wood |
| 16:56 | 止春山 · first_building Barracks |
| 18:06 | 止春山 · first_building Archery Range |
| 18:06 | Twixxo · wall_segment Stone Wall x20 |
| 18:23 | juanmaotero10 · first_building Barracks |
| 18:48 | Twixxo · first_building Stable |
| 19:28 | 止春山 · age_up castle |
| 19:40 | qwa123107 · first_market_buy 100 food |
| 20:08 | MontyBurns · age_up castle |
| 20:14 | juanmaotero10 · first_building Archery Range |
| 20:18 | Twixxo · first_market_buy 100 food |
| 21:00 | Twixxo · wall_segment Stone Wall x14 |
| 21:15 | 止春山 · first_building Siege Workshop |
| 22:00 | juanmaotero10 · age_up castle |
| 22:10 | 止春山 · first_building Monastery |
| 22:21 | Raphael · first_building Stable |
| 22:25 | qwa123107 · age_up castle |
| 22:50 | Twixxo · first_building Archery Range |
| 22:53 | qwa123107 · first_building Archery Range |
| 23:16 | Twixxo · age_up castle |
| 23:16 | qwa123107 · first_building Castle |
| 23:24 | Twixxo · first_building Siege Workshop |
| 23:55 | Raphael · age_up castle |
| 24:15 | Raphael · first_building Castle |
| 24:37 | Raphael · first_market_buy 100 wood |
| 24:48 | juanmaotero10 · first_building Stable |
| 24:53 | Twixxo · first_building Castle |
| 25:19 | Twixxo · wall_segment Stone Wall x5 |
| 25:35 | Twixxo · wall_segment Stone Wall x7 |
| 27:21 | qwa123107 · first_building Siege Workshop |
| 27:33 | MontyBurns · first_building Monastery |
| 28:16 | Raphael · first_building Monastery |
| 28:24 | Twixxo · wall_segment Stone Wall x3 |
| 28:29 | Twixxo · wall_segment Stone Wall x6 |
| 29:10 | Twixxo · wall_segment Stone Wall x3 |
| 29:12 | Twixxo · wall_segment Stone Wall x6 |
| 30:06 | 止春山 · first_building Castle |
| 30:09 | MontyBurns · first_building Barracks |
| 30:25 | MontyBurns · first_building Castle |
| 30:32 | juanmaotero10 · first_building Siege Workshop |
| 30:45 | qwa123107 · age_up imperial |
| 30:57 | Twixxo · first_building Monastery |
| 31:04 | qwa123107 · first_building Monastery |
| 31:16 | qwa123107 · first_market_sell 100 stone |
| 31:52 | juanmaotero10 · first_building Castle |
| 31:53 | MontyBurns · first_building Archery Range |
| 31:53 | Twixxo · wall_segment Stone Wall x1 |
| 32:02 | qwa123107 · first_building Stable |
| 32:13 | Raphael · first_market_sell 100 food |
| 32:32 | 止春山 · wall_segment Stone Wall x38 |
| 32:43 | juanmaotero10 · first_market_buy 100 food |
| 32:56 | MontyBurns · first_building Stable |
| 33:41 | Twixxo · age_up imperial |
| 34:32 | MontyBurns · first_building Siege Workshop |
| 34:48 | Twixxo · first_market_sell 100 food |
| 35:26 | Raphael · age_up imperial |
| 35:56 | juanmaotero10 · age_up imperial |
| 36:21 | MontyBurns · age_up imperial |
| 36:47 | 止春山 · wall_segment Stone Wall x33 |
| 37:14 | 止春山 · wall_segment Stone Wall x15 |
| 37:25 | 止春山 · wall_segment Stone Wall x28 |
| 38:11 | Raphael · first_building Archery Range |
| 41:26 | 止春山 · wall_segment Stone Wall x21 |
| 41:31 | 止春山 · wall_segment Stone Wall x10 |
| 41:58 | 止春山 · age_up imperial |
| 44:12 | Twixxo · wall_segment Stone Wall x18 |
| 44:16 | Twixxo · wall_segment Stone Wall x2 |
| 44:20 | Twixxo · wall_segment Stone Wall x17 |
| 45:44 | Twixxo · wall_segment Stone Wall x9 |
| 46:49 | 止春山 · wall_segment Stone Wall x4 |
| 48:02 | Twixxo · wall_segment Stone Wall x7 |
| 48:04 | Twixxo · wall_segment Stone Wall x9 |
| 48:04 | Twixxo · wall_segment Stone Wall x1 |
| 48:04 | Twixxo · wall_segment Stone Wall x1 |
| 48:05 | Twixxo · wall_segment Stone Wall x1 |
| 48:05 | Twixxo · wall_segment Stone Wall x1 |
| 51:15 | MontyBurns · resign |
| 52:34 | juanmaotero10 · first_market_sell 500 wood |
[ AI ANALYSIS · 1 CREDIT ]
What really happened in this match?
Wolo.gg analyzes every decision: build order, eco, micro, common mistakes by bracket. Personalized analysis on WhatsApp or Discord in 30 seconds.
Civ guide
Celts
Perfil
Jugador #21397581